 Dungeon Crawl Stone Soup version 0.28-a0-883-gc8d7bad45d (webtiles) character file.

Game seed: 12390957098002876054

146 orbtoucher the Poker (level 5, -3/41 HPs)
             Began as a Merfolk Gladiator on Nov 22, 2021.
             Slain by a kobold (5 damage)
             ... on level 4 of the Dungeon.
             The game lasted 00:05:15 (1788 turns).

orbtoucher the Poker (Merfolk Gladiator)            Turns: 1788, Time: 00:05:16

Health: -3/41      AC:  4    Str: 15    XL:     5   Next: 28%
Magic:  5/5        EV: 14    Int:  7    God:
Gold:   89         SH:  0    Dex: 16    Spells: 4/4 levels left

rFire   . . .      SeeInvis .   a - +0 trident
rCold   . . .      Faith    .   (no shield)
rNeg    . . .      Spirit   .   b - +0 leather armour
rPois   .          Reflect  .   c - +0 helmet
rElec   .          Harm     .   (no cloak)
rCorr   .          Rampage  .   (no gloves)
Will    .....                   (no boots)
Stlth   +.........              (no amulet)
HPRegen 0.13/turn               (no ring)
MPRegen 0.09/turn               (no ring)

@: no status effects
A: (nimble swimmer 2), mertail
a: no special abilities


You were on level 4 of the Dungeon.
You visited 1 branch of the dungeon, and saw 4 of its levels.

You collected 89 gold pieces.

Inventory:

Hand Weapons
 a - a +0 trident (weapon)
Missiles
 d - 3 throwing nets
 h - 13 poisoned darts (quivered)
 k - 19 stones
Armour
 b - a +0 leather armour (worn)
 c - a +0 helmet (worn)
Magical Staves
 l - a staff of cold
Scrolls
 e - a scroll of acquirement {unknown}
 i - 2 scrolls of identify {unknown}
Potions
 f - a potion of brilliance {unknown}
 g - a potion of magic {unknown}
 j - 3 potions of invisibility {unknown}


   Skills:
 + Level 3.4 Fighting
 * Level 6.8 Polearms
 - Level 2.0 Throwing
 + Level 5.1 Dodging


You had 4 spell levels left.
You didn't know any spells.
Your spell library contained the following spells:

 Spells                   Type           Power      Damage    Failure   Level
 Blink                    Tloc           0%         N/A       65%         2
 Conjure Flame            Conj/Fire      0%         6-21      86%         3
 Ignite Poison            Fire/Tmut/Pois 0%         N/A       86%         3
 Lesser Beckoning         Tloc           0%         N/A       86%         3
 Sticky Flame             Conj/Fire      0%         2d3       99%         4
 Manifold Assault         Tloc           0%         N/A       100%        5


Dungeon Overview and Level Annotations

Branches:
Dungeon (4/15)
 Temple: D:4-7

Altars:


Innate Abilities, Weirdness & Mutations

((You are quick and stealthy near water. (Stealth+, EV+, Speed+++)))
Your lower body shifts to a powerful aquatic tail in water.


Message History

An adder comes into view.
The orc completely misses you.
The adder hisses angrily.
You hit the orc.
You kill the orc!
An ogre and a skeleton come into view.
Found 17 stones.
You closely miss the ball python.
The ogre shouts!
The ball python bites you. The ball python closely misses you.
There is a stone staircase leading up here.
Things that are here:
a +0 mace; an orc corpse You closely miss the adder.
The adder bites you.
You closely miss the adder. The adder misses you. The adder closely misses you.
You puncture the adder!
The adder is severely wounded.
The adder closely misses you.
You puncture the adder!
You kill the adder!
The ball python barely misses you. x2
A kobold comes into view. It is wielding a +0 short sword.
The ball python barely misses you. The ball python grabs you.
The ball python constricts you.
You aren't carrying any items that you can evoke.
You aren't carrying any items that you can evoke.
Sorry, you're not good enough to have a special ability.
Unknown command.
You puncture the ball python!
You kill the ball python!
You closely miss the ogre.
The ogre hits you with a +0 giant spiked club!!
* * * LOW HITPOINT WARNING * * *
You puncture the ogre!
The ogre is moderately wounded.
The ogre closely misses you.
You hit the ogre.
The ogre is heavily wounded.
The kobold hits you with a +0 short sword.
You die...

## .. #. ..
....... # #.
.###.......
#.####.#...
O(....#
#.........
......#
#........
......#
#......K#
......#
#@####.....#
#.OZ<......#
#######......
...## ..# .#
#


You could see an ogre, a kobold and a hound skeleton.

Vanquished Creatures
  3 gnolls (D:2)
  6 adders
  A worm (D:2)
  3 dart slugs
  An orc (D:4)
  2 ball pythons
  7 endoplasms
  3 giant cockroaches
  3 goblins
  2 hobgoblins (D:2)
  5 jackals
  5 kobolds
  A quokka (D:1)
  4 bats
  A frilled lizard (D:2)
  4 rats
51 creatures vanquished.

Notes
Turn   | Place    | Note
-------+----------+-------------------------------------------
     0 | D:1      | orbtoucher the Merfolk Gladiator began the quest for the
                  | Orb.
     0 | D:1      | Reached XP level 1. HP: 16/16 MP: 1/1
   266 | D:1      | Reached XP level 2. HP: 23/23 MP: 2/2
   292 | D:1      | Found a faded altar of an unknown god.
   429 | D:1      | Reached skill level 5 in Polearms
   808 | D:2      | Reached XP level 3. HP: 26/28 MP: 3/3
  1045 | D:2      | Reached XP level 4. HP: 34/34 MP: 4/4
  1118 | D:2      | Reached skill level 6 in Polearms
  1633 | D:3      | Reached skill level 5 in Dodging
  1633 | D:3      | Reached XP level 5. HP: 37/41 MP: 5/5
  1774 | D:4      | Noticed an ogre
  1786 | D:4      | HP: 2/41 [ogre (20)]
  1788 | D:4      | Slain by a kobold

Illustrated notes

Levels and vault maps discovered:
D:1:      saegor_arrival_miasma, layout_loops_ring,
          dreamdust_ecumenical_altar_statues, grunt_decor_resistance,
          chequers_serial_rivers_room_a, lemuel_old_faithful
D:2:      layout_rooms
D:3:      layout_rooms, kennysheep_donut
D:4:      layout_rooms, minmay_temple_entry_mini_moons

Skill      XL: |  1  2  3  4 |
---------------+-------------+-----
Polearms       | 5 6 |  6.8
Fighting       | 3 |  3.4
Dodging        | 5 |  5.1
Throwing       | |  2.0

Action                   |  1- 3 |  4- 6 || total
-------------------------+-------+-------++-------
Melee: Trident           |    55 |    81 ||   136
Throw: Dart              |     5 |       ||     5
 Stab: Sleeping          |     1 |       ||     1
Armor: Leather armour    |     3 |     6 ||     9
Dodge: Dodged            |    32 |    35 ||    67

Table legend: (Time is in decaauts)
 A = Elapsed time spent in this place.
 B = Non-inter-level travel time spent in this place.
 C = Inter-level travel time spent in this place.
 D = Time resting spent in this place.
 E = Time spent auto-exploring this place.
 F = Levels seen in this place.
 G = Mean time per level.
                   A        B        C        D        E       F      G
               +--------+--------+--------+--------+--------+-----+--------+
         Total |   1782 |   1742 |     40 |    460 |    889 |   4 |  445.5 |
       Dungeon |   1782 |   1742 |     40 |    460 |    889 |   4 |  445.5 |
               +--------+--------+--------+--------+--------+-----+--------+

Top non-repeatable levels by time:
     D:2: 857 daAuts
     D:1: 761 daAuts
     D:3: 145 daAuts
     D:4: 17 daAuts
